 Dungeon Crawl Stone Soup version 0.29-a0-994-gc5c9f59d18 (webtiles) character file.

Game seed: 16805883016373898432

51 coolguy69 the Cutter (level 3, -2/20 HPs)
             Began as a Vine Stalker Monk on Aug 3, 2022.
             Slain by a worm (4 damage)
             ... on level 2 of the Dungeon.
             The game lasted 00:01:40 (2615 turns).

coolguy69 the Cutter (Vine Stalker Monk)            Turns: 2615, Time: 00:01:40

Health: -2/20      AC:  3    Str: 15    XL:     3   Next: 83%
Magic:  0/4        EV: 13    Int: 15    God:
Gold:   139        SH:  0    Dex: 16    Spells: 2/2 levels left

rFire   . . .      SeeInvis .   a - +0 short sword
rCold   . . .      Faith    .   (no shield)
rNeg    . . .      Spirit   +   b - +0 robe
rPois   .          Reflect  .   (no helmet)
rElec   .          Harm     .   (no cloak)
rCorr   .          Rampage  .   i - +0 pair of gloves of Shrieking Music {Int+5}
Will    .....                   (no boots)
Stlth   ++........              (no amulet)
HPRegen 0.06/turn               (no ring)
MPRegen 0.09/turn               (no ring)

@: no status effects
A: fangs 2, magic shield, antimagic bite, no potion heal 2
a: no special abilities


You were on level 2 of the Dungeon.
You visited 1 branch of the dungeon, and saw 2 of its levels.

You collected 139 gold pieces.

Inventory:

Hand Weapons
 a - a +0 short sword (weapon)
Armour
 b - a +0 robe (worn)
 i - the +0 pair of gloves of Shrieking Music (worn) {Int+5}
   (You found it on level 2 of the Dungeon)

   Int:       It affects your intelligence (+5).
Jewellery
 f - a ring of wizardry
Scrolls
 e - a scroll of butterflies {unknown}
Potions
 c - 2 potions of ambrosia
 d - a potion of invisibility
 g - 2 potions of attraction {unknown}
 h - a potion of brilliance {unknown}


   Skills:
 + Level 3.0 Fighting
 + Level 3.2 Short Blades
 + Level 2.9 Dodging
 + Level 3.1 Stealth


You had 2 spell levels left.
You didn't know any spells.
Your spell library was empty.

Dungeon Overview and Level Annotations

Branches:
Dungeon (2/15)

Altars:
The Shining One


Innate Abilities, Weirdness & Mutations

You have extremely sharp teeth.
When hurt, damage is shared between your health and your magic reserves.
Your bite disrupts and absorbs the magic of your enemies.
Potions cannot restore your health.


Message History

You closely miss the quokka. Your bite misses the quokka.
The quokka closely misses you.
There are monsters nearby!
There are monsters nearby!
You hit the quokka.
You kill the quokka!
A worm is nearby!
A worm is nearby!
The worm bites you!
A worm is nearby!
You hit the worm.
The worm is lightly wounded.
You hit the worm but do no damage.
The worm is lightly wounded.
The worm bites you!
* * * LOW HITPOINT WARNING * * *
You are too injured to fight recklessly!
You are too injured to fight recklessly!
Found a pair of ichor-stained gloves.
You see here the +0 pair of gloves of Shrieking Music {Int+5}.
You see here the +0 pair of gloves of Shrieking Music {Int+5}.
i - the +0 pair of gloves of Shrieking Music {Int+5} You start putting on your armour.
You continue putting on the +0 pair of gloves of Shrieking Music {Int+5}. x4
You finish putting on the +0 pair of gloves of Shrieking Music {Int+5}.
You feel clever.
You hit the worm.
The worm is lightly wounded.
The worm closely misses you.
You hit the worm. Your bite misses the worm.
The worm is lightly wounded.
The worm bites you!
* * * LOW HITPOINT WARNING * * *
You hit the worm. You punch the worm, but do no damage. You bite the worm.
You drain its power.
You feel invigorated.
The worm is moderately wounded.
You hit the worm.
The worm is heavily wounded.
The worm bites you!
You die...

######...........### #.##########
# #..#..........# #.# #
#..#)##.....#.# #.# #
#..#.#....#.#.# #.# #
#..#.#....#.#.# #.# #
#..#.#....#.#.# #.#
#######.#.#....#.#.# #.#
........#.......w#.###.#
.######.#..#....@......#
...............#.#######
..#####........#.#
..####.........#.#
........#...##.#.#
.#####...........#
............##.### ###########
.#.##...#......# #..........
.#.##..........########.#########


You could see a worm.

Vanquished Creatures
  An adder (D:2)
  5 endoplasms
  4 giant cockroaches (D:1)
  4 goblins
  3 hobgoblins
  3 jackals (D:1)
  3 kobolds (D:1)
  2 quokkas
  5 ball pythons (D:1)
  3 bats
  A frilled lizard (D:2)
  4 rats
38 creatures vanquished.

Vanquished Creatures (others)
  2 plants (D:1)
2 creatures vanquished.

Grand Total: 40 creatures vanquished

Notes
Turn   | Place    | Note
-------+----------+-------------------------------------------
     0 | D:1      | coolguy69 the Vine Stalker Monk began the quest for the
                  | Orb.
     0 | D:1      | Reached XP level 1. HP: 11/11 MP: 2/2
   144 | D:1      | Reached XP level 2. HP: 13/16 MP: 3/3
   321 | D:1      | Found a faded altar of an unknown god.
   835 | D:1      | Reached XP level 3. HP: 2/19 MP: 4/4
  2520 | D:2      | Found a glowing golden altar of the Shining One.
  2564 | D:2      | Identified the +0 pair of gloves of Shrieking Music {Int+5}
  2615 | D:2      | Slain by a worm

Illustrated notes

Levels and vault maps discovered:
D:1:      tarquinn_simple_flora_water_e, layout_loops_ring,
          shapermc_ecumenical_altar_mp_ritualfount, minivault_25,
          serial_park_tiny_pond, minmay_ruptured
D:2:      layout_basic, basic_altar, hangedman_abyss_or_decor_lesser_grid,
          dreamdust_princess_bridge, st_stairs_1, uniq_jessica

Skill      XL: |  1  2  3 |
---------------+----------+-----
Short Blades   | 3 |  3.2
Fighting       | 3 |  3.0
Stealth        | 3 |  3.1
Dodging        | |  2.9

Action                   || total
-------------------------++-------
Melee: Short sword       ||   136
       Bite              ||    28
       Punch             ||     4
  Use: Scroll            ||     2
 Stab: Sleeping          ||     5
       Distracted        ||     1
Armor: Robe              ||    19
Dodge: Dodged            ||    79

Table legend: (Time is in decaauts)
 A = Elapsed time spent in this place.
 B = Non-inter-level travel time spent in this place.
 C = Inter-level travel time spent in this place.
 D = Time resting spent in this place.
 E = Time spent auto-exploring this place.
 F = Levels seen in this place.
 G = Mean time per level.
                   A        B        C        D        E       F      G
               +--------+--------+--------+--------+--------+-----+--------+
         Total |   2607 |   2604 |      3 |    914 |   1358 |   2 | 1303.5 |
       Dungeon |   2607 |   2604 |      3 |    914 |   1358 |   2 | 1303.5 |
               +--------+--------+--------+--------+--------+-----+--------+

Top non-repeatable levels by time:
     D:1: 1614 daAuts
     D:2: 992 daAuts
